 Dungeon Crawl Stone Soup version 0.21.1-1-g345015f (webtiles) character file.

314 Opti87 the Cleaver (level 6, -11/51 HPs)
             Began as a Hill Orc Monk on May 9, 2018.
             Splashed by Ijyb's acid (12 damage)
             ... on level 3 of the Dungeon.
             The game lasted 00:23:50 (2526 turns).

Opti87 the Cleaver (Hill Orc Monk)                  Turns: 2526, Time: 00:23:51

Health: -11/51     AC:  1    Str: 16    XL:     6   Next: 43%
Magic:  6/6        EV:  7    Int: 10    God:
Gold:   118        SH:  0    Dex: 13    Spells: 5/5 levels left

rFire    . . .     SeeInvis .   a - +0 hand axe
rCold    . . .     Gourm    .   (no shield)
rNeg     . . .     Faith    .   h - +0 chain mail
rPois    .         Spirit   .   k - +0 helmet
rElec    .         Reflect  .   (no cloak)
rCorr    .         Harm     .   (no gloves)
MR       .....                  (no boots)
Stlth    ..........             (no amulet)
HPRegen  0.17/turn              (no ring)
MPRegen  0.10/turn              (no ring)

@: corroded
A: no striking features
a: no special abilities


You were on level 3 of the Dungeon.
You were not hungry.

You visited 1 branch of the dungeon, and saw 3 of its levels.

You collected 118 gold pieces.

Inventory:

Hand Weapons
 a - a +0 hand axe (weapon)
 t - a +0 short sword
Armour
 b - a +0 robe
 h - a +0 chain mail (worn)
 k - a +0 helmet (worn)
Jewellery
 e - an uncursed ring of ice {unknown}
 s - an uncursed ring of ice {unknown}
Scrolls
 d - 2 scrolls of remove curse {unknown}
 f - a scroll of enchant armour {unknown}
 g - a scroll of magic mapping {unknown}
 n - a scroll of amnesia {unknown}
 o - a scroll of fear {unknown}
 p - 2 scrolls of random uselessness {unknown}
 q - 2 scrolls of teleportation {unknown}
Potions
 j - 2 potions of mutation {unknown}
 l - a potion of heal wounds {unknown}
 m - 2 potions of curing
Comestibles
 c - 5 rations
 r - 3 chunks of flesh


   Skills:
 - Level 3.6 Fighting
 + Level 9.2 Axes
 - Level 2.4 Dodging
 - Level 1.5 Stealth


You had 5 spell levels left.
You didn't know any spells.

Dungeon Overview and Level Annotations

Branches:
Dungeon (3/15)

Altars:

Annotations:
D:3 Ijyb


Message History

Press: ? - help, v - describe, . - travel
Here: Ijyb, wielding a club and wearing a leather armour The floor.
Your chain mail prevents you from hitting Ijyb.
Ijyb closely misses you.
You barely miss Ijyb.
Your chain mail prevents you from hitting Ijyb.
Ijyb zaps a wand.
The bolt of acid hits you!
You are splashed with acid!
The acid burns!
It is a wand of acid (6).
You are too injured to fight recklessly!
It was a potion of cancellation.
You feel magically purged. Ijyb screams, "Me kill you!"
Ijyb zaps a wand.
The bolt of acid hits you!
* * * LOW HITPOINT WARNING * * *
The acid corrodes you!
You are splashed with acid!
The acid burns!
* * * LOW HITPOINT WARNING * * *
Ijyb zaps a wand.
The bolt of acid hits you!
* * * LOW HITPOINT WARNING * * *
The acid corrodes you!
You are splashed with acid!
The acid burns!
You die...

# .# .# # # ..#.##
#. #. #.....# ..
#.# ##....... ..
..###g# ... ..
#.#.## #.# .. #@##
#.# ##. #†# #.#
#.## #.# #.# #..#
##.#### #.# ##...
#.....###.#####...#
#.#...))...........
#...#.#########...#
#####.# ##... #.#
#..#


You could see Ijyb.

Vanquished Creatures
  Grinder (D:3)
  Terence (D:2)
  An orc wizard (D:3)
  An adder (D:3)
  An ooze (D:1)
  2 worms
  2 dart slugs
  A leopard gecko (D:1)
  2 orcs (D:3)
  A ball python (D:1)
  2 giant cockroaches (D:2)
  6 goblins
  3 hobgoblins
  A quokka (D:2)
  5 bats
  2 frilled lizards (D:1)
  6 kobolds
  4 rats
42 creatures vanquished.

Notes
Turn   | Place    | Note
-------+----------+-------------------------------------------
     0 | D:1      | Opti87 the Hill Orc Monk began the quest for the Orb.
     0 | D:1      | Reached XP level 1. HP: 19/19 MP: 1/1
   320 | D:1      | Reached XP level 2. HP: 26/26 MP: 2/2
   839 | D:1      | Reached skill level 5 in Axes
  1248 | D:2      | Reached XP level 3. HP: 30/31 MP: 3/3
  1789 | D:2      | Reached skill level 6 in Axes
  1850 | D:2      | Noticed Terence
  1890 | D:2      | Killed Terence
  1890 | D:2      | Reached XP level 4. HP: 26/39 MP: 4/4
  2300 | D:3      | Noticed Grinder
  2304 | D:3      | Paralysed by Grinder for 7 turns
  2335 | D:3      | Killed Grinder
  2335 | D:3      | Reached skill level 9 in Axes
  2335 | D:3      | Reached XP level 5. HP: 45/45 MP: 5/5
  2335 | D:3      | Reached XP level 6. HP: 51/51 MP: 6/6
  2503 | D:3      | Noticed Ijyb
  2526 | D:3      | HP: 1/51 [Ijyb/wand of acid (5) (5)]
  2526 | D:3      | Splashed by Ijyb's acid

Skill      XL: |  1  2  3  4 |
---------------+-------------+-----
Axes           | 5 6 9 |  9.2
Fighting       | |  3.6
Dodging        | |  2.4
Stealth        | |  1.5

Action                   |  1- 3 |  4- 6 || total
-------------------------+-------+-------++-------
Melee: Hand axe          |   146 |    53 ||   199
  Use: Potion            |     1 |     2 ||     3
  Eat: Chunk             |     2 |     3 ||     5
Armor: Chain mail        |    93 |     6 ||    99
       Robe              |     1 |       ||     1
       Skin              |    10 |    18 ||    28
Dodge: Dodged            |    42 |     7 ||    49
